cohdb
Replays
Latest Replays
All Replays
Popular Replays
Top Player Replays
Match Explorer
How It Works
Community
CoH3 Stats
Reddit
Sign in to upload your games and track your stats! →
Sign in with Steam
Match 43222154
Unlisted
Match 43222154
Overview
Messages
Build Orders
End
Panzergrenadier Squad
Selects Battlefield Espionage Battlegroup
250 Light Carrier
Panzergrenadier Squad
Panzergrenadier Squad
Construct Light Support Kompanie
2.5-tonne Medical Truck
Panzerjäger Squad
Selects 250/3 Funkpanzerwagen
Selects Intel Disruption Beacon
Fire Support Elements
Construct Panzerarmee Kommand
Walking Stuka Rocket Launcher
Selects Plunder
Selects Firestorm
Panzerjäger Squad
Armored Reserves
Firestorm
Panzerpioneer Squad
Veteran Squad Leaders
Walking Stuka Rocket Launcher
Selects Advanced Ambush Training
Firestorm
Tiger Heavy Tank
Walking Stuka Rocket Launcher
Firestorm
Firestorm
BES2
Gonky
Waffen-YT
Dahlian
Bish Bash Bosh
Humbarwhy
0
0
Comments
sign in to comment!
No comments posted yet!